 Dungeon Crawl Stone Soup version 0.28.0-47-ge53b351184 (webtiles) character file.

Game seed: 16921688698966533878

1801 bobregger the Fighter (level 9, -2/151 HPs)
             Began as an Ogre Berserker on May 1, 2022.
             Was a Follower of Trog.
             Succumbed to a killer bee's poison
             ... on level 6 of the Dungeon.
             The game lasted 00:07:34 (10307 turns).

bobregger the Fighter (Ogre Berserker)             Turns: 10307, Time: 00:07:34

Health: -2/151     AC:  3    Str: 23    XL:     9   Next: 9%
Magic:  9/9        EV: 12    Int:  8    God:    Trog [*.....]
Gold:   244        SH:  0    Dex: 12    Spells: 8/8 levels left

rFire   . . .      SeeInvis .   k - +0 flail
rCold   . . .      Faith    .   (no shield)
rNeg    . . .      Spirit   .   b - +0 animal skin
rPois   .          Reflect  .   (helmet restricted)
rElec   .          Harm     .   (no cloak)
rCorr   .          Rampage  .   (gloves unavailable)
Will    .....                   (boots unavailable)
Stlth   ..........              (no amulet)
HPRegen 0.35/turn               (no ring)
MPRegen 0.11/turn               (no ring)

@: berserking (expiring), lethally poisoned (-2 -> -21), very quick
A: large, unfitting armour, tough skin 1
a: Renounce Religion, Berserk


You were on level 6 of the Dungeon.
You worshipped Trog.
Trog was aware of your devotion.
You visited 1 branch of the dungeon, and saw 7 of its levels.

You collected 244 gold pieces.

Inventory:

Hand Weapons
 k - a +0 flail (weapon)
Armour
 b - a +0 animal skin (worn)
Jewellery
 j - an amulet of faith
 t - a ring of fire
Wands
 m - a wand of paralysis (18)
 v - a wand of iceblast (8)
Scrolls
 c - 7 scrolls of teleportation {unknown}
 d - 3 scrolls of identify {unknown}
 h - a scroll of fear {unknown}
 l - 2 scrolls of enchant weapon {unknown}
 n - 2 scrolls of vulnerability {unknown}
 p - a scroll of holy word {unknown}
 r - a scroll of amnesia {unknown}
 s - a scroll of immolation {unknown}
 u - a scroll of noise {unknown}
Potions
 a - 2 potions of might {unknown}
 e - 2 potions of lignification {unknown}
 f - a potion of haste {unknown}
 g - a potion of berserk rage {unknown}
 i - 2 potions of heal wounds {unknown}
 o - a potion of mutation {unknown}


   Skills:
 * Level 10.3 Fighting
 + Level 5.3 Maces & Flails
 * Level 7.2 Dodging


You had 8 spell levels left.
You didn't know any spells.
Your spell library was empty.

Dungeon Overview and Level Annotations

Branches:
Dungeon (7/15)             Temple (0/1) D:4

Altars:
Elyvilon
Gozag
Hepliaklqana
Makhleb
Uskayaw
Yredelemnul
The Shining One

Shops:
D:2 [   D:4 !   D:6 *

Annotations:
D:6 1 runed translucent door


Innate Abilities, Weirdness & Mutations

You are too large for most types of armour.
You have tough skin. (AC +1)


Message History

The killer bee poisons you!
You miss the killer bee.
You feel very sick. The killer bee stings you.
* * * LOW HITPOINT WARNING * * *
You are more poisoned.
The killer bee poisons you! The killer bee barely misses you.
The killer bee stings you but does no damage.
The killer bee stings you.
* * * LOW HITPOINT WARNING * * *
You miss the killer bee.
You feel very sick.
The killer bee stings you but does no damage.
The killer bee closely misses you. The killer bee stings you.
* * * LOW HITPOINT WARNING * * *
The killer bee stings you.
* * * LOW HITPOINT WARNING * * *
You are lethally poisoned!
The killer bee poisons you!
You sock the killer bee!
The killer bee is severely wounded.
* * * LOW HITPOINT WARNING * * *
You feel very sick.
The killer bee stings you but does no damage.
The killer bee stings you.
* * * LOW HITPOINT WARNING * * *
You sock the killer bee!
You feel the power of Trog in you as your rage grows.
You kill the killer bee!
Trog accepts your kill.
* * * LOW HITPOINT WARNING * * *
You feel very sick. The killer bee barely misses you.
You closely miss the killer bee.
* * * LOW HITPOINT WARNING * * *
You feel very sick. The killer bee stings you!
* * * LOW HITPOINT WARNING * * *
You miss the killer bee.
You die...

#.# #.........# #.# #.#
#.........# #######.# #.###
#...####..########........ ....#
#...#.....##.............. ....#
#...#.....##.............. ....#
#####.....##.(............
....########....(##..............
..........##...(y.#.......#####.#
#.........##...(@.#.......# #.#
#.........####....#.......# #.#
..........# #....#:......# #.#
#########.# #....#.......# #.# #
#># #....#.......# #.. ## #.#
#....#.......# ### .## #.#
######.......# ..#######.#
######### ..........#


You could see a killer bee.

Vanquished Creatures
  2 water moccasins
  An orc warrior (D:6)
  2 ice beasts
  An ogre (D:4)
  A phantom (D:6)
  3 kobold brigands
  A wyvern zombie (D:6)
  A bullfrog (D:6)
  A scorpion (D:4)
  A water moccasin zombie (D:3)
  5 killer bees (D:6)
  A bullfrog zombie (D:5)
  A bullfrog skeleton (D:6)
  3 iguanas
  4 jellies
  Ijyb (D:4)
  Terence (D:2)
  An orc wizard (D:6)
  A killer bee zombie (D:6)
  2 adders
  A shadow imp (D:5)
  A white imp (D:6)
  An adder skeleton (D:4)
  3 dart slugs
  9 orcs
  5 bats
  7 endoplasms
  2 giant cockroaches
  6 goblins
  8 hobgoblins
  3 jackals (D:4)
  17 kobolds
  5 quokkas
  7 ball pythons
  A frilled lizard (D:3)
  3 rats
113 creatures vanquished.

Vanquished Creatures (others)
  29 fungi (D:7)
29 creatures vanquished.

Grand Total: 142 creatures vanquished

Notes
Turn   | Place    | Note
-------+----------+-------------------------------------------
     0 | D:1      | bobregger the Ogre Berserker began the quest for the Orb.
     0 | D:1      | Reached XP level 1. HP: 24/24 MP: 1/1
   169 | D:1      | HP: 1/24 [frozen (5)]
   511 | D:1      | Reached XP level 2. HP: 29/32 MP: 2/2
  1016 | D:1      | Reached XP level 3. HP: 30/40 MP: 3/3
  1483 | D:2      | Found a faded altar of an unknown god.
  1484 | D:2      | Noticed Terence
  1498 | D:2      | Killed Terence
  1499 | D:2      | Reached skill level 5 in Fighting
  1500 | D:2      | Reached XP level 4. HP: 50/50 MP: 4/4
  1648 | D:2      | Found Esairchiqae's Antique Armour Shoppe.
  2855 | D:3      | Noticed a kobold brigand
  2888 | D:3      | Killed a kobold brigand
  2889 | D:3      | Reached XP level 5. HP: 11/59 MP: 5/5
  3338 | D:3      | Found a hazy altar of Hepliaklqana.
  3339 | D:3      | Found a faded altar of an unknown god.
  3517 | D:3      | Reached ** piety under Trog
  3727 | D:3      | Found a burning altar of Makhleb.
  4028 | D:3      | Reached skill level 6 in Fighting
  4028 | D:3      | Reached XP level 6. HP: 42/67 MP: 6/6
  4177 | D:4      | Found a staircase to the Ecumenical Temple.
  4549 | D:4      | Reached skill level 7 in Fighting
  4567 | D:4      | Reached XP level 7. HP: 59/78 MP: 7/7
  4742 | D:4      | Noticed Ijyb
  4756 | D:4      | Paralysed by Ijyb for 5 turns
  4763 | D:4      | Killed Ijyb
  4766 | D:4      | Reached skill level 5 in Dodging
  5198 | D:4      | Identified the +5 dagger of Piqaezuo {venom, rF+}
  5414 | D:4      | Found Xuos Fem's Distillery.
  5679 | D:4      | Found an opulent altar of Gozag.
  5682 | D:4      | Found a white marble altar of Elyvilon.
  5812 | D:5      | Entered Level 5 of the Dungeon
  6427 | D:6      | Found a glowing golden altar of the Shining One.
  6453 | D:6      | Found a hide-covered altar of Uskayaw.
  6456 | D:6      | Found a runed translucent door.
  6456 | D:6      | Noticed a human
  6519 | D:6      | Found a basalt altar of Yredelemnul.
  6569 | D:6      | Reached skill level 8 in Fighting
  6794 | D:6      | Reached XP level 8. HP: 37/89 MP: 8/8
  7391 | D:6      | Reached skill level 9 in Fighting
  7821 | D:6      | Found Jebbam's General Store.
  8516 | D:6      | Identified the +4 ring mail of Soer {rF++}
  9039 | D:7      | Reached skill level 5 in Maces & Flails
  9866 | D:6      | Reached skill level 10 in Fighting
  9871 | D:6      | Reached XP level 9. HP: 48/101 MP: 9/9
 10306 | D:6      | HP: 2/151 [killer bee (8)]
 10307 | D:6      | Succumbed to a killer bee's poison

Illustrated notes

Levels and vault maps discovered:
D:1:      sevenhm_arrival_forest_fort_small_3, layout_basic, grunt_decor_cap
D:2:      layout_basic, serial_shops,
          nicolae_shop_temple_entry_statues_fountains,
          ebering_ecumenical_altar_sacrificial, uniq_terence
D:3:      layout_rooms, marbit_many_paths, beargit_hepliaklqana_dungeon_heroes
D:4:      layout_loops_corners, minitemple, minmay_temple_entry_slanted,
          serial_shops, shop, uniq_ijyb
D:5:      layout_rooms, chequers_serial_rivers_small_a
D:6:      layout_basic, dk_yredelemnul_ordeal, tso_oasis_becter,
          mainiacjoe_overflow_concentric_impassable, serial_shops,
          kennysheep_mini
D:7:      layout_cave_pods, mainiacjoe_overflow_cross_hatched,
          nicolae_qazlal_eye_of_the_storm, serial_shops, nicolae_stop_n_shop_2,
          minmay_three_doors

Skill      XL: |  1  2  3  4  5  6  7  8 |
---------------+-------------------------+-----
Dodging        | 3 4 5 7 |  7.2
Fighting       | 5 6 7 8 10 | 10.3
Maces & Flails | 3 4 5 |  5.3

Action                   |  1- 3 |  4- 6 |  7- 9 || total
-------------------------+-------+-------+-------++-------
Melee: Mace              |    85 |    65 |       ||   150
       Punch             |     1 |       |     1 ||     2
       Flail             |       |    59 |   237 ||   296
Invok: Berserk           |     2 |     4 |    11 ||    17
       Trog's Hand       |       |       |     1 ||     1
  Use: Potion            |       |     1 |     2 ||     3
 Stab: Distracted        |       |     1 |       ||     1
       Sleeping          |       |       |     1 ||     1
Armor: Animal skin       |    32 |    27 |    58 ||   117
Dodge: Dodged            |    44 |    70 |   193 ||   307
